 Dungeon Crawl Stone Soup version 0.29.1-2-gbd0b4ee654 (webtiles) character file.

Game seed: 4341470390939327881

8676 MisterFreud the Cruncher (level 11, -7/89 HPs)
             Began as a Formicid Gladiator on Nov 1, 2022.
             Was an Initiate of Yredelemnul.
             Mangled by an eight-headed hydra (9 damage)
             ... on level 2 of the Lair of Beasts.
             The game lasted 00:13:45 (10642 turns).

MisterFreud the Cruncher (Formicid Gladiator)      Turns: 10642, Time: 00:13:46

Health: -7/89      AC: 15    Str: 16    XL:     11   Next: 60%
Magic:  0/14       EV:  9    Int: 16    God:    Yredelemnul [......]
Gold:   629        SH: 12    Dex: 22    Spells: 10/10 levels left

rFire   + + .      SeeInvis +   a - +2 quarterstaff (venom)
rCold   x . .      Faith    .   K - +1 kite shield of Xeci {Rampage Str-4 Int+3 Stlth+}
rNeg    . . .      Spirit   +   g - +0 fire dragon scales
rPois   .          Reflect  .   (helmet unavailable)
rElec   .          Harm     .   (no cloak)
rCorr   .          Rampage  +   (no gloves)
Will    +....                   (no boots)
Stlth   +.........              u - amulet "Mifahos" {Spirit Int+4 Dex+5}
HPRegen 0.24/turn               f - +4 ring of protection
MPRegen 0.14/turn               i - +4 ring of slaying

@: no status effects
A: permanent stasis, dig shafts and tunnels, antennae 3, four strong arms
a: Dig, Shaft Self, Renounce Religion, Recall Undead Harvest


You were on level 2 of the Lair of Beasts.
You worshipped Yredelemnul.
Yredelemnul was noncommittal.
You visited 3 branches of the dungeon, and saw 12 of its levels.
You also visited: Sewer and Ossuary.

You collected 629 gold pieces.

Inventory:

Hand Weapons
 a - a +2 quarterstaff of venom (weapon)
 G - the +9 halberd "Mydiun" {vorpal, Drain Dex+5}
   (You found it on level 8 of the Dungeon)

   It inflicts extra damage upon your enemies.
   Dex:       It affects your dexterity (+5).
   Drain:     It drains your maximum health when unequipped.
Missiles
 c - 4 throwing nets (quivered)
 d - 7 javelins
 o - 11 boomerangs
 r - 13 poisoned darts
Armour
 b - a +0 leather armour
 g - +0 fire dragon scales (worn)
 K - the +1 kite shield of Xeci (worn) {Rampage Str-4 Int+3 Stlth+}
   (You acquired it on level 8 of the Dungeon)

   Str:       It affects your strength (-4).
   Int:       It affects your intelligence (+3).
   Rampage:   It bestows one free step when moving towards enemies.
   Stlth:     It makes you more stealthy.
Jewellery
 f - a +4 ring of protection (left hand)
 i - a +4 ring of slaying (right hand)
 n - a ring of willpower
 p - a ring of protection from cold
 q - a ring of wizardry
 u - the amulet "Mifahos" (around neck) {Spirit Int+4 Dex+5}
   (You acquired it on level 4 of the Dungeon)

   [amulet of guardian spirit]

   It causes incoming damage to be divided between your reserves of health and
   magic.
   Int:       It affects your intelligence (+4).
   Dex:       It affects your dexterity (+5).
Wands
 s - a wand of iceblast (9)
 A - a wand of flame (5)
 D - a wand of light (11)
 H - a wand of mindburst (10)
 L - a wand of polymorph (8)
Scrolls
 e - 3 scrolls of vulnerability
 h - 4 scrolls of amnesia
 v - 2 scrolls of butterflies
 y - 3 scrolls of brand weapon
 J - a scroll of summoning
Potions
 j - 5 potions of curing
 k - a potion of magic
 l - 2 potions of mutation
 m - 2 potions of heal wounds
 t - a potion of cancellation
 w - a potion of might
 x - a potion of haste
 z - 3 potions of invisibility
 B - 4 potions of brilliance {unknown}
 C - 6 potions of flight
 E - a potion of resistance
 F - a potion of lignification {unknown}
 M - a potion of degeneration {unknown}


   Skills:
 + Level 9.3 Fighting
 - Level 10.0 Staves
 - Level 2.0 Throwing
 - Level 10.0 Armour
 - Level 2.6 Dodging
 + Level 5.5 Shields
 + Level 5.2 Invocations
 - Level 5.0 Evocations


You had 10 spell levels left.
You didn't know any spells.
Your spell library contained the following spells:

 Spells                   Type           Power      Damage    Failure   Level
 Apportation              Tloc           0%         N/A       89%         1
 Beastly Appendage        Tmut           0%         N/A       89%         1
 Sting                    Tmut/Pois      0%         1d3       89%         1
 Poisonous Vapours        Pois/Air       0%         N/A       96%         2
 Wereblood                Tmut           0%         N/A       96%         2
 Spider Form              Tmut/Pois      0%         N/A       99%         3
 Stone Arrow              Conj/Erth      0%         3d7       99%         3
 Anguish                  Hex/Necr       0%         N/A       100%        4
 Animate Armour           Summ/Erth      0%         N/A       100%        4
 Olgreb's Toxic Radiance  Pois           0%         N/A       100%        4
 Alistair's Intoxication  Tmut/Pois      0%         N/A       100%        5
 Enfeeble                 Hex            0%         N/A       100%        7
 Lehudib's Crystal Spear  Conj/Erth      0%         10d2      100%        8


Dungeon Overview and Level Annotations

Branches:
Dungeon (9/15)             Temple (1/1) D:4            Lair (2/5) D:8
 Shoals (0/4) Lair:2        Sewer (visited)         Ossuary (visited)
  Snake: Lair:2-3    Spider: Lair:2-3       Orc: D:9-12

Altars:
Ashenzari
Cheibriados
Dithmenos
Elyvilon
Fedhas
Gozag
Hepliaklqana
Kikubaaqudgha
Makhleb
Nemelex Xobeh
Okawaru
Qazlal
Ru
Sif Muna
Trog
Uskayaw
Vehumet
Wu Jian
Xom
Yredelemnul
Zin
The Shining One

Shops:
D:4 =

Annotations:
D:4 4 runed translucent doors


Innate Abilities, Weirdness & Mutations

You cannot be hasted, slowed, berserked, paralysed or teleported.
You can dig through walls and to a lower floor.
You have a pair of large antennae on your head. (SInv)
Your four strong arms can wield two-handed weapons with a shield.


Message History

The eight-headed hydra barely misses you.
The eight-headed hydra bites you.
You block the eight-headed hydra's attack.
The eight-headed hydra bites you but does no damage.
The eight-headed hydra bites you!
* * * LOW HITPOINT WARNING * * *
You block the eight-headed hydra's attack.
The eight-headed hydra bites you.
* * * LOW HITPOINT WARNING * * *
The eight-headed hydra closely misses you.
The yak gores you!
* * * LOW HITPOINT WARNING * * *
The yak gores your water moccasin zombie!
Your cane toad zombie hits the eight-headed hydra.
Unknown command.
You feel better.
The water moccasin bites you but does no damage.
Your water moccasin zombie bites the yak.
The eight-headed hydra bites your cane toad zombie! x3
The eight-headed hydra bites your cane toad zombie. x4
The eight-headed hydra bites your cane toad zombie!
Your cane toad zombie is destroyed!
The yak closely misses you.
The yak barely misses your water moccasin zombie.
The water moccasin bites you but does no damage.
Your water moccasin zombie bites the yak.
Unknown command.
Are you sure you want to shaft yourself?
The eight-headed hydra bites your water moccasin zombie! x2
The eight-headed hydra closely misses your water moccasin zombie.
The eight-headed hydra bites your water moccasin zombie!
Your water moccasin zombie is destroyed!
The eight-headed hydra bites you.
* * * LOW HITPOINT WARNING * * *
You block the eight-headed hydra's attack.
The eight-headed hydra bites you!
* * * LOW HITPOINT WARNING * * *
The eight-headed hydra bites you!
You die...
Your body rises from the dead as a mindless zombie.

...............
..>.............
.#...............
.................
................!.
.....YY...........
.....YY.D.........
....YYS@..........
..#P...#..........
###..##......... ...#
#####......... ..... ###
#.......... .~.. ~.#
##.........# .. #.. ##~#
##.......####
...###~##~~####.......##
....~~..~~..##.......##


You could see an eight-headed hydra (extremely poisoned), 6 yaks and a water
moccasin.

Vanquished Creatures
  A hydra (Lair:1)
  Pikel (D:4)
  A black mamba (Lair:2)
  Maggie (D:7)
  A komodo dragon (Lair:1)
  A polar bear (Lair:1)
  A hornet (D:6)
  2 wyverns
  Eustachio (D:4)
  2 steam dragons
  4 water moccasins
  A sky beast (D:8)
  3 orc warriors
  A black bear (D:7)
  3 wolves (Lair:2)
  2 ogres (D:5)
  A centaur (D:7)
  3 lemures (D:4)
  2 phantoms
  3 bullfrogs
  A gnoll sergeant (D:5)
  2 necrophages
  7 scorpions
  6 wights
  17 killer bees
  2 howler monkeys
  2 electric eels (D:8)
  A hound (D:6)
  3 jellies
  2 centaur zombies (Ossuary)
  3 gnoll boudas
  5 orc priests
  Natasha (thrice) (D:4)
  Terence (D:3)
  3 iguanas
  A merfolk siren (Sewer)
  12 orc wizards
  A merfolk avatar (Sewer)
  5 mummies (Ossuary)
  6 gnolls
  6 adders
  5 river rats
  A white imp (D:7)
  A worm (D:5)
  8 dart slugs
  31 orcs
  7 bats
  10 endoplasms
  6 giant cockroaches
  5 hobgoblins
  8 jackals
  4 kobolds
  7 quokkas
  10 ball pythons
  14 frilled lizards
  10 goblins
  6 hobgoblin zombies (Ossuary)
  26 rats
283 creatures vanquished.

Vanquished Creatures (collateral kills)
  A hydra (Lair:1)
  A cane toad (Lair:2)
  A bullfrog (Lair:1)
3 creatures vanquished.

Vanquished Creatures (others)
  A cane toad zombie (Lair:2)
  A water moccasin zombie (Lair:2)
  A bullfrog zombie (Lair:1)
  An iguana (D:7)
  2 fungi
  6 plants
12 creatures vanquished.

Grand Total: 298 creatures vanquished

Notes
Turn   | Place    | Note
-------+----------+-------------------------------------------
     0 | D:1      | MisterFreud the Formicid Gladiator began the quest for the
                  | Orb.
     0 | D:1      | Reached XP level 1. HP: 16/16 MP: 1/1
    15 | D:1      | You fall into a shaft and drop 1 floor!
   136 | D:1      | Reached XP level 2. HP: 22/22 MP: 2/2
   525 | D:1      | Reached XP level 3. HP: 27/27 MP: 3/3
  1077 | D:2      | Found a faded altar of an unknown god.
  1199 | D:2      | Reached XP level 4. HP: 32/33 MP: 4/4
  1323 | D:2      | Found the +1 Delatra's gloves {ID++}
  1342 | D:2      | Reached skill level 5 in Staves
  2042 | D:3      | Reached XP level 5. HP: 35/38 MP: 5/5
  2112 | D:3      | Found a stormy altar of Qazlal.
  2357 | D:3      | Noticed Terence
  2363 | D:3      | Killed Terence
  2808 | D:4      | Found a large runed translucent door.
  2809 | D:4      | Found a large runed translucent door.
  2809 | D:4      | Noticed an ice beast
  2813 | D:4      | Found a large runed translucent door.
  2813 | D:4      | Found a large runed translucent door.
  2840 | D:4      | Reached XP level 6. HP: 34/47 MP: 6/6
  2913 | D:4      | Reached skill level 1 in Armour
  2919 | D:4      | Reached XP level 7. HP: 42/55 MP: 7/7
  3053 | D:4      | Found a sand-covered staircase.
  3059 | Ossuary  | Entered an ossuary
  3086 | Ossuary  | Reached skill level 5 in Fighting
  3521 | D:4      | Reached skill level 5 in Armour
  3521 | D:4      | Reached XP level 8. HP: 58/62 MP: 8/8
  3577 | D:4      | Noticed Pikel
  3616 | D:4      | Killed Pikel
  3757 | D:4      | Found a staircase to the Ecumenical Temple.
  3766 | D:4      | Noticed Natasha
  3772 | D:4      | Killed Natasha
  3823 | Temple   | Entered the Ecumenical Temple
  4011 | D:4      | Noticed Eustachio
  4013 | D:4      | Noticed Natasha
  4027 | D:4      | Killed Eustachio
  4032 | D:4      | Killed Natasha
  4033 | D:4      | Reached XP level 9. HP: 56/68 MP: 9/9
  4275 | D:4      | Found Riozofuhur's Jewellery Shop.
  4423 | D:4      | Noticed Natasha
  4427 | D:4      | Killed Natasha
  4460 | D:4      | Identified a scroll of acquirement
  4460 | D:4      | Acquired the amulet "Mifahos" {Spirit Int+4 Dex+5}
  4492 | D:5      | Entered Level 5 of the Dungeon
  4849 | D:5      | Reached skill level 10 in Staves
  5466 | D:6      | Noticed a hornet
  5470 | D:6      | Killed a hornet
  5483 | D:6      | Found an opulent altar of Gozag.
  5587 | D:6      | Found a glowing drain.
  5591 | Sewer    | Entered a sewer
  6306 | D:6      | Found a glowing silver altar of Zin.
  6306 | D:6      | Noticed an angel
  6359 | D:6      | Reached XP level 10. HP: 71/74 MP: 8/10
  6380 | D:6      | Found a radiant altar of Vehumet.
  6655 | D:7      | Noticed Maggie
  6660 | D:7      | You fall into a shaft and drop 2 floors!
  6852 | D:9      | Reached skill level 10 in Armour
  6896 | D:9      | Reached skill level 1 in Evocations
  6973 | D:8      | Identified the +9 halberd "Mydiun" {vorpal, Drain Dex+5}
  7240 | D:7      | Found a broken altar of Ashenzari.
  7378 | D:7      | Killed Maggie
  7521 | D:7      | Found a shimmering altar of Xom.
  7762 | D:7      | Reached skill level 5 in Evocations
  8660 | D:8      | Found a staircase to the Lair.
  8748 | D:8      | Found a basalt altar of Yredelemnul.
  8748 | D:8      | Found a shimmering blue altar of Sif Muna.
  8761 | D:8      | Became a worshipper of Yredelemnul the Dark
  8792 | D:8      | Reached XP level 11. HP: 67/86 MP: 8/11
  8796 | D:8      | Reached skill level 1 in Invocations
  8953 | D:8      | Reached * piety under Yredelemnul
  9284 | D:8      | Acquired the +1 kite shield of Xeci {Rampage Str-4 Int+3
                  | Stlth+}
  9299 | Lair:1   | Entered Level 1 of the Lair of Beasts
  9331 | Lair:1   | Noticed a five-headed hydra
  9337 | Lair:1   | Killed a five-headed hydra
  9529 | Lair:1   | Reached ** piety under Yredelemnul
  9651 | Lair:1   | Noticed an eight-headed hydra
  9661 | Lair:1   | Killed an eight-headed hydra
  9800 | Lair:1   | You fall into a shaft and drop 1 floor!
 10570 | Lair:2   | Reached skill level 5 in Shields
 10573 | Lair:2   | Found a staircase to the Shoals.
 10594 | Lair:2   | Reached skill level 5 in Invocations
 10633 | Lair:2   | Noticed an eight-headed hydra
 10642 | Lair:2   | HP: 2/89 [eight-headed hydra (7)]
 10642 | Lair:2   | Mangled by an eight-headed hydra

Illustrated notes

Levels and vault maps discovered:
D:1:      erik_arrival_cave_to_civilisation [erik_arrival_cave_to_hall],
          layout_rooms, minmay_pentomino_s2
D:2:      layout_basic, shapermc_ecumenical_altar_starsandcircs,
          pf_guarded_unrand_delatra
D:3:      layout_basic, mainiacjoe_overflow_surrounded_room,
          hangedman_abyss_or_decor_lesser_grid, chequers_serial_rivers_small_b,
          corexii_corridor_pit, uniq_terence
D:4:      layout_loops_ring, minmay_temple_entry_arrows,
          nicolae_ossuary_entry_monument, serial_shops, kennysheep_little_box,
          minmay_hollow_rounded_squares, uniq_natasha, uniq_pikel,
          uniq_eustachio
D:5:      layout_basic, nicolae_grassy_gnolls
D:6:      layout_rooms, mainiacjoe_overflow_24_doors, zin_angel,
          grunt_gozag_statues, gup_sewer_entry_bowl, kennysheep_generic_room_13
D:7:      layout_cave_pods, old_standard_altar, amcnicky_mini_corridor_feature,
          minmay_ruined_shrine, uniq_maggie
D:8:      layout_cave_pools, jmf_multi_god_temple, lair_entry_dummy,
          minmay_crystal_water
D:9:      cheibrodos_statue_roulette, layout_long_grid
Temple:   nicolae_temple_bog_church
Lair:1:   layout_regular_city
Lair:2:   layout_hall_layers, elwin_shoals_entry_rocks

Skill      XL: |  1  2  3  4  5  6  7  8  9 10 11 |
---------------+----------------------------------+-----
Staves         | 4 5 6 8 10 | 10.0
Fighting       | 3 4 5 7 9 |  9.3
Armour         | 2 5 8 10 | 10.0
Evocations     | 5 |  5.0
Invocations    | 5 |  5.2
Shields        | 5 |  5.5
Throwing       | |  2.0
Dodging        | |  2.6

Action                   |  1- 3 |  4- 6 |  7- 9 | 10-12 || total
-------------------------+-------+-------+-------+-------++-------
Melee: Quarterstaff      |    88 |    89 |   401 |   259 ||   837
       Punch             |       |       |     3 |       ||     3
 Abil: Shaft Self        |       |       |       |     2 ||     2
  Use: Scroll            |     5 |     5 |    10 |     3 ||    23
       Potion            |       |       |       |     1 ||     1
 Stab: Sleeping          |     1 |       |       |       ||     1
Armor: Leather armour    |    28 |       |       |       ||    28
       Fire dragon scale |       |    70 |   191 |   143 ||   404
Dodge: Dodged            |    56 |    41 |   199 |   146 ||   442
Block: Kite shield       |       |       |       |    45 ||    45
